 Dungeon Crawl Stone Soup version 0.31-a0-180-g519b7de00c (webtiles) character file.

Game seed: 7238751327310054992

413 qw the Chopper (level 6, -4/38 HPs)
             Began as a Gargoyle Fighter on June 19, 2023.
             Slain by Pikel
             ... wielding a +1 whip of freezing
              (9 damage)
             ... on level 5 of the Dungeon.
             The game lasted 00:01:23 (3344 turns).

qw the Chopper (Gargoyle Fighter)                   Turns: 3344, Time: 00:01:23

Health: -4/38      AC: 14    Str: 22    XL:     6   Next: 91%
Magic:  6/6        EV:  8    Int:  8    God:
Gold:   172        SH:  4    Dex:  9    Spells: 5/5 levels left

rFire   + . .        Y - +1 war axe (venom)
rCold   + . .        c - +0 buckler
rNeg    + + .        e - +0 chain mail
rPois   inf          p - +0 helmet
rElec   +            q - scarf {rC+ rF+}
rCorr   .            (no gloves)
SInv    .            (no boots)
Will    .....        o - amulet of the acrobat Stlth
                     g - ring of positive energy
HPRegen 0.26/turn    (no ring)
MPRegen 0.10/turn

%: acrobat
@: about to teleport
A: sickness immunity, AC +4, negative energy resistance 1, electricity
resistance, torment resistance 1, petrification resistance
a: no special abilities


You were on level 5 of the Dungeon.
You visited 1 branch of the dungeon, and saw 5 of its levels.

You collected 211 gold pieces.
You spent 39 gold pieces at shops.


Innate Abilities, Weirdness & Mutations

You are immune to sickness and miasma.
Your stone body is resilient. (AC +4)
You are immune to poison.
You resist negative energy. (rN+)
You are resistant to electric shocks. (rElec)
You are resistant to unholy torment.
You are immune to petrification.


   Skills:
 - Level 4.1 Fighting
 + Level 6.0 Axes
 - Level 3.2 Armour
 - Level 1.0 Dodging
 - Level 3.2 Shields


You had 5 spell levels left.
You didn't know any spells.
Your spell library was empty.

Inventory:

Hand Weapons
 l - a +0 flail
 Y - a +1 war axe of venom (weapon)
Armour
 c - a +0 buckler (worn)
 e - a +0 chain mail (worn)
 h - a +0 cloak
 p - a +0 helmet (worn)
 q - a scarf of resistance (worn)
Jewellery
 g - a ring of positive energy (left hand)
 o - an amulet of the acrobat (around neck)
Scrolls
 a - a scroll of identify
 s - a scroll of fear {unknown}
Potions
 d - a potion of might
 f - 2 potions of curing
 i - a potion of lignification
 j - 4 potions of heal wounds
 k - a potion of attraction
 m - a potion of enlightenment
 n - a potion of cancellation {unknown}
 r - a potion of brilliance {unknown}

Dungeon Overview and Level Annotations

Branches:
Dungeon (5/15)
 Temple: D:4-7

Altars:

Shops:
D:1 !=*(

Annotations:
D:5 Pikel


Message History

The lemure hits you but does no damage. x2; The lemure hits you.
You slash the lemure!
The lemure looks as sick as possible!
The lemure is almost dead.
You miss the lemure. You slash the lemure!
You kill the lemure!
That felt strangely unrewarding.
The lemure hits you but does no damage. The lemure closely misses you.
You slash the lemure!
You kill the lemure!
That felt strangely unrewarding.
You hit the lemure but do no damage.
The lemure is poisoned.
You closely miss the lemure. The lemure hits you but does no damage.
The lemure closely misses you.
Pikel zaps a wand.
The bolt of dispelling energy hits you. The lemure hits you but does no damage.
The lemure hits you.
You barely miss the lemure.
The lemure is severely wounded.
You barely miss the lemure.
You kill the lemure!
That felt strangely unrewarding.
The lemure hits you but does no damage.
You barely miss the lemure.
The lemure is lightly wounded.
You slash Pikel!
Pikel is poisoned.
Pikel hits you with a +1 whip of freezing.
The lemure completely misses you.
You barely miss Pikel.
Pikel is moderately wounded.
You barely miss the lemure. Pikel hits you but does no damage.
The lemure hits you.
You slash Pikel!
Pikel is severely wounded.
You closely miss the lemure.
Pikel zaps a wand.
The bolt of dispelling energy hits you!!
The lemure hits you but does no damage. Pikel barely misses you.
The lemure hits you but does no damage.
3344 ||| READING scroll of teleportation.
As you read the scroll of teleportation, it crumbles to dust.
You feel strangely unstable.
Pikel hits you with a +1 whip of freezing!
You die...

#####.....# #..##..##..##...#
#.....# ..................
#.....#...................
#####.....##+##+##############
#....................
+....................
####....................
(................5......
................@K......
.............######+####
.............# .............#
.............# .............#
#######.....## #.....# #.....#


You could see Pikel (very poisoned) and a lemure (poisoned).

Vanquished Creatures
  2 ogres (D:4)
  3 lemures (D:5)
  A hound (D:5)
  2 jellies (D:4)
  A sleepcap (D:4)
  6 adders
  An ufetubus (D:4)
  2 worms
  3 dart slugs
  6 orcs
  3 bats
  8 endoplasms
  4 goblins
  2 hobgoblins (D:2)
  A kobold (D:1)
  6 quokkas
  4 ball pythons
  3 frilled lizards
  3 rats (D:3)
61 creatures vanquished.

Notes
Turn   | Place    | Note
-------+----------+-------------------------------------------
     0 | D:1      | qw the Gargoyle Fighter began the quest for the Orb.
     0 | D:1      | Reached XP level 1. HP: 14/14 MP: 1/1
     0 | D:1      | 0 ||| qw: Version: 0.3-a-7-ge0c9b40
     0 | D:1      | 0 ||| qw: Game counter: 1083
     0 | D:1      | 0 ||| qw: Always use a shield: true
     0 | D:1      | 0 ||| qw: God list: Okawaru
     0 | D:1      | 0 ||| qw: Allow faded altars: false
     0 | D:1      | 0 ||| qw: Do Orc after D:15 true
     0 | D:1      | 0 ||| qw: Do second Lair branch before Depths: true
     0 | D:1      | 0 ||| qw: Lair rune preference: random
     0 | D:1      | 0 ||| qw: Plans: Normal, Zot:1-4, Slime:5, God:TSO, Crypt,
                  | Tomb, Abyss, Pan, Hells, Win
     0 | D:1      | 0 ||| PLANNING D:1-11
    41 | D:1      | Reached skill level 2 in Axes
   100 | D:1      | Reached XP level 2. HP: 16/19 MP: 2/2
   127 | D:1      | Found Vivuirch's Assorted Antiques.
   130 | D:1      | 130 ||| SHOPLISTING potion of might (84 gold, have 50).
   130 | D:1      | 130 ||| BUYING puce potion (18 gold).
   130 | D:1      | Bought a puce potion for 18 gold pieces
   130 | D:1      | 130 ||| BUYING scroll labelled CYSIAW POIRPH (21 gold).
   130 | D:1      | Bought a scroll labelled CYSIAW POIRPH for 21 gold pieces
   130 | D:1      | 130 ||| SHOPLISTING scroll labelled CYSIAW POIRPH (21 gold,
                  | have 11).
   134 | D:1      | Found Vyesesch's Antique Weapon Boutique.
   142 | D:1      | 142 ||| SHOPLISTING fine war axe (229 gold, have 11).
   142 | D:1      | 142 ||| SHOPLISTING mace (81 gold, have 11).
   142 | D:1      | 142 ||| SHOPLISTING runed flail (175 gold, have 11).
   142 | D:1      | 142 ||| SHOPLISTING whip (67 gold, have 11).
   341 | D:1      | Found Umadd's Jewellery Emporium.
   355 | D:1      | 355 ||| SHOPLISTING +4 ring of protection (396 gold, have
                  | 11).
   355 | D:1      | 355 ||| SHOPLISTING amulet of faith (440 gold, have 11).
   355 | D:1      | 355 ||| SHOPLISTING ring of ice (275 gold, have 11).
   355 | D:1      | 355 ||| SHOPLISTING ring of protection from cold (275 gold,
                  | have 11).
   554 | D:1      | Found Geffinus's Distillery.
   565 | D:1      | 565 ||| SHOPLISTING potion of cancellation (80 gold, have
                  | 11).
   565 | D:1      | 565 ||| SHOPLISTING potion of curing (30 gold, have 11).
   565 | D:1      | 565 ||| SHOPLISTING potion of might (40 gold, have 11).
   565 | D:1      | 565 ||| SHOPLISTING potion of mutation (80 gold, have 11).
   565 | D:1      | 565 ||| SHOPLISTING potion of resistance (100 gold, have
                  | 11).
   618 | D:1      | 618 ||| READING 2 scrolls labelled CYSIAW POIRPH.
   619 | D:1      | 619 ||| READING scroll labelled WOIMADOATO.
   623 | D:1      | 623 ||| READING scroll labelled PYXIASOAWK.
   624 | D:1      | 624 ||| READING scroll labelled BELIORUCWA.
   625 | D:1      | 625 ||| READING scroll labelled LADATSUIWU.
   626 | D:1      | 626 ||| DRINKING 3 puce potions.
   684 | D:2      | Reached skill level 3 in Axes
   772 | D:2      | Reached XP level 3. HP: 23/23 MP: 3/3
   979 | D:2      | 979 ||| Stepping ~*~*~tactically~*~*~ (hiding).
  1591 | D:2      | 1591 ||| UPGRADING to +0 cloak.
  1596 | D:2      | 1596 ||| UPGRADING to ring of positive energy.
  1597 | D:2      | 1597 ||| READING scroll labelled WOURGH ABANURPH.
  1717 | D:3      | Reached XP level 4. HP: 25/28 MP: 4/4
  1737 | D:3      | 1737 ||| Stepping ~*~*~tactically~*~*~ (stealth).
  1762 | D:3      | Reached skill level 4 in Axes
  1834 | D:3      | 1834 ||| Stepping ~*~*~tactically~*~*~ (stealth).
  1853 | D:3      | 1853 ||| FLEEEEING.
  1854 | D:3      | 1854 ||| FLEEEEING.
  1857 | D:3      | 1857 ||| FLEEEEING.
  1858 | D:3      | 1858 ||| FLEEEEING.
  1859 | D:3      | 1859 ||| FLEEEEING.
  1860 | D:3      | 1860 ||| STAIRDANCE
  1873 | D:2      | 1873 ||| READING scroll labelled COECSO JUV WECW.
  1874 | D:2      | 1874 ||| READING scroll labelled AZE IMOPSULOA.
  1875 | D:2      | 1875 ||| READING 3 scrolls of identify.
  1875 | D:2      | 1875 ||| IDENTIFYING amethyst potion
  1876 | D:2      | 1876 ||| READING 2 scrolls of identify.
  1876 | D:2      | 1876 ||| IDENTIFYING grey potion
  1888 | D:3      | 1888 ||| DROPPING +0 club.
  2023 | D:3      | 2023 ||| Stepping ~*~*~tactically~*~*~ (hiding).
  2205 | D:3      | 2205 ||| UPGRADING to +0 chain mail.
  2215 | D:3      | 2215 ||| DROPPING +0 scale mail.
  2498 | D:4      | Reached XP level 5. HP: 32/32 MP: 5/5
  2501 | D:4      | Noticed an ogre
  2508 | D:4      | Killed an ogre
  2509 | D:4      | Reached skill level 5 in Axes
  2606 | D:4      | Reached XP level 6. HP: 18/38 MP: 6/6
  2715 | D:4      | 2715 ||| FLEEEEING.
  2723 | D:4      | 2723 ||| STAIRDANCE
  2754 | D:3      | 2754 ||| UPGRADING to +0 helmet.
  2759 | D:3      | 2759 ||| UPGRADING to scarf of resistance.
  2769 | D:3      | 2769 ||| UPGRADING to amulet of the acrobat.
  2774 | D:3      | 2774 ||| READING scroll labelled RUOTTO IDYIR.
  2775 | D:3      | 2775 ||| DRINKING 4 golden potions.
  2776 | D:3      | 2776 ||| READING 2 scrolls of identify.
  2776 | D:3      | 2776 ||| IDENTIFYING sedimented clear potion
  2789 | D:4      | Reached skill level 6 in Axes
  3133 | D:5      | Entered Level 5 of the Dungeon
  3209 | D:5      | Reached skill level 1 in Dodging
  3334 | D:5      | Noticed Pikel
  3343 | D:5      | HP: 5/38 [Pikel/bolt of dispelling energy (18)]
  3344 | D:5      | 3344 ||| READING scroll of teleportation.
  3344 | D:5      | Slain by Pikel

Levels and vault maps discovered:
D:1:      heliophobic_arrival_henge, layout_basic, serial_shops,
          nicolae_shop_behind_doors, nicolae_shop_competitors_out_of_business,
          nicolae_square_shop, shop, minmay_cut_off
D:2:      layout_loops_corners
D:3:      layout_basic
D:4:      layout_loops_ring, kennysheep_generic_room_15
D:5:      layout_gridville, uniq_pikel

Skill      XL: |  1  2  3  4  5  6 |
---------------+-------------------+-----
Axes           | 2 3 4 5 6 |  6.0
Fighting       | 4 |  4.1
Dodging        | 1 |  1.0
Armour         | |  3.2
Shields        | |  3.2

Action                     |  1- 3 |  4- 6 || total
---------------------------+-------+-------++-------
  Melee: War axe           |    80 |    80 ||   160
  Throw: Boomerang         |       |     1 ||     1
    Use: Scroll            |     6 |     7 ||    13
         Potion            |     1 |     1 ||     2
 Armour: Scale mail        |    24 |    11 ||    35
         Chain mail        |       |    29 ||    29
  Dodge: Dodged            |    31 |    26 ||    57
  Block: Buckler           |    21 |     8 ||    29

Table legend:
 A = Non-vault XP
 B = Vault XP
 C = Vault XP percentage of total XP
 D = Non-vault monster count
 E = Vault monster count
 F = Vault count percentage of total count
                 A         B        C        D         E       F
            +---------+---------+-------+---------+---------+-------
      Total |     587 |       4 |   0.7 |      56 |       2 |   3.4
            +---------+---------+-------+---------+---------+-------
        D:1 |      21 |       4 |  16.0 |      11 |       2 |  15.4
        D:2 |      23 |       0 |   0.0 |      10 |       0 |   0.0
        D:3 |      94 |       0 |   0.0 |      22 |       0 |   0.0
        D:4 |     406 |       0 |   0.0 |      12 |       0 |   0.0
        D:5 |      43 |       0 |   0.0 |       1 |       0 |   0.0
            +---------+---------+-------+---------+---------+-------
